 Dungeon Crawl Stone Soup version 0.29.0-13-gc9e81de378 (webtiles) character file.

Game seed: 9759451719956098719

1332 NinjaNoafa the Chopper (level 8, -6/63 HPs)
             Began as a Hill Orc Monk on Sept 8, 2022.
             Was a Believer of Hepliaklqana.
             Mangled by an orc warrior
             ... wielding a +0 hand axe
              (12 damage)
             ... on level 6 of the Dungeon.
             The game lasted 00:10:16 (6388 turns).

NinjaNoafa the Chopper (Hill Orc Monk)              Turns: 6388, Time: 00:10:17

Health: -6/63      AC: 15    Str: 16    XL:     8   Next: 61%
Magic:  10/10      EV:  6    Int: 10    God:    Hepliaklqana [**....]
Gold:   248        SH:  0    Dex: 19    Spells: 7/7 levels left

rFire   . . .      SeeInvis .   x - +0 war axe
rCold   . . .      Faith    .   (no shield)
rNeg    . . .      Spirit   .   a - +0 plate armour
rPois   .          Reflect  .   w - +0 helmet
rElec   .          Harm     .   A - +0 cloak
rCorr   .          Rampage  .   (no gloves)
Will    .....                   t - +0 pair of boots
Stlth   ..........              s - amulet of the acrobat
HPRegen 0.20/turn               j - +6 ring of dexterity
MPRegen 0.12/turn               k - +4 ring of slaying

@: mighty
A: reduced essence
a: Renounce Religion, Recall Ancestor, Ancestor Identity


You were on level 6 of the Dungeon.
You worshipped Hepliaklqana.
Hepliaklqana was pleased with you.
You visited 1 branch of the dungeon, and saw 6 of its levels.

You collected 248 gold pieces.

Inventory:

Hand Weapons
 x - a +0 war axe (weapon)
Missiles
 d - 70 stones (quivered)
 v - 4 poisoned darts
 I - a throwing net
 L - 3 boomerangs of dispersal
Armour
 a - a +0 plate armour (worn)
 t - a +0 pair of boots (worn)
 w - a +0 helmet (worn)
 A - a +0 cloak (worn)
Jewellery
 j - a +6 ring of dexterity (left hand)
 k - a +4 ring of slaying (right hand)
 s - an amulet of the acrobat (around neck)
 G - a ring of fire
 K - an amulet of guardian spirit
Wands
 b - a wand of roots (8)
 B - a wand of charming (15)
Scrolls
 l - a scroll of fear {unknown}
 n - a scroll of acquirement {unknown}
 o - 7 scrolls of identify {unknown}
 p - a scroll of brand weapon {unknown}
 r - a scroll of noise {unknown}
 y - a scroll of enchant weapon {unknown}
 z - 2 scrolls of teleportation {unknown}
 C - 2 scrolls of magic mapping {unknown}
 D - a scroll of blinking {unknown}
 E - a scroll of butterflies {unknown}
 F - a scroll of vulnerability {unknown}
 H - a scroll of silence {unknown}
Potions
 c - 2 potions of ambrosia
 e - a potion of degeneration {unknown}
 g - 3 potions of curing {unknown}
 h - 4 potions of mutation {unknown}
 i - a potion of magic {unknown}
 m - 2 potions of haste {unknown}
 q - 5 potions of flight {unknown}
 u - 2 potions of attraction {unknown}
 J - a potion of brilliance {unknown}


   Skills:
 + Level 6.6 Fighting
 - Level 7.0 Axes
 - Level 5.0 Armour
 - Level 3.0 Dodging
 - Level 1.5 Stealth
 + Level 3.5 Invocations
 - Level 5.0 Evocations


You had 7 spell levels left.
You didn't know any spells.
Your spell library contained the following spells:

 Spells                   Type           Power      Damage    Failure   Level
 Freeze                   Ice            0%         1d3       100%        1
 Slow                     Hex            0%         N/A       100%        1
 Confusing Touch          Hex            0%         N/A       100%        3
 Frozen Ramparts          Ice            0%         1d1       100%        3
 Vampiric Draining        Necr           0%         2d6       100%        3
 Hailstorm                Conj/Ice       0%         3d3       100%        4


Dungeon Overview and Level Annotations

Branches:
Dungeon (6/15)
 Temple: D:4-7

Altars:
Ashenzari
Cheibriados
Dithmenos
Hepliaklqana
Kikubaaqudgha
Nemelex Xobeh
Okawaru
Qazlal
Trog
Vehumet
Xom

Shops:
D:1 [


Message History

The orc wizard hits you but does no damage.
The orc hits you with a +0 flail.
The orc warrior unwields a +0 arbalest.
The orc warrior wields a +0 hand axe.
The orc warrior barely misses you.
Abram casts a spell at the orc.
The orc resists with significant effort.
You closely miss the orc warrior. You slash the orc!
You kill the orc!
You completely miss the orc wizard. You slash the orc!
You kill the orc!
You feel sick. The orc wizard barely misses you.
The orc warrior hits you but does no damage.
The orc wizard completely misses you.
You hit the orc warrior but do no damage.
You hit the orc wizard.
You feel sick. The orc warrior completely misses you.
Abram hits the orc wizard with a +0 dagger of draining.
Abram closely misses the orc wizard.
The orc wizard hits you with a +0 dagger.
You completely miss the orc warrior. You barely miss the orc wizard.
You feel sick.
You are no longer poisoned.
The orc warrior hits you but does no damage.
Abram hits the orc wizard with a +0 dagger of draining!
The orc wizard dies!
A hound comes into view.
The orc warrior hits you with a +0 hand axe!
The orc warrior hits Abram with a +0 hand axe!
The hound barks!
You hit the orc warrior but do no damage.
Abram closely misses the orc warrior.
The orc warrior hits you with a +0 hand axe!
* * * LOW HITPOINT WARNING * * *
The orc warrior hits Abram with a +0 hand axe!
Abram is destroyed!
You feel very mighty all of a sudden.
The orc warrior hits you with a +0 hand axe!
* * * LOW HITPOINT WARNING * * *
You slash the orc warrior!
The orc warrior is moderately wounded.
The orc warrior hits you with a +0 hand axe!
You die...

.. #...###.#..#.#
.... #..........#
#
....##...........
....'.....#..#..#.
...##............
#..h......#.#
#...........#
#...#.).......
#....@)......#
+.....o).......
#.............#
#..............#
#.<.............
.........#.....#
##.............
..............


You could see an orc warrior and a hound.

Vanquished Creatures
  A water moccasin (D:5)
  A sky beast (D:5)
  A phantom (D:5)
  3 scorpions
  A howler monkey (D:6)
  2 hounds (D:5)
  3 orc priests
  2 orc wizards
  Terence (D:2)
  4 iguanas
  Robin (D:2)
  7 gnolls
  8 adders
  A white imp (D:5)
  An ufetubus (D:5)
  A worm (D:2)
  2 dart slugs
  10 orcs
  7 endoplasms
  A giant cockroach (D:1)
  15 goblins
  14 hobgoblins
  5 jackals
  11 kobolds
  8 quokkas
  6 ball pythons
  11 bats
  A frilled lizard (D:1)
  4 rats
133 creatures vanquished.

Vanquished Creatures (collateral kills)
  Menkaure (D:6)
  A scorpion (D:6)
  A hound (D:6)
  An orc wizard (D:6)
  An orc (D:6)
5 creatures vanquished.

Vanquished Creatures (others)
  A hexer (D:6)
  A plant (D:5)
2 creatures vanquished.

Grand Total: 140 creatures vanquished

Notes
Turn   | Place    | Note
-------+----------+-------------------------------------------
     0 | D:1      | NinjaNoafa the Hill Orc Monk began the quest for the Orb.
     0 | D:1      | Reached XP level 1. HP: 19/19 MP: 1/1
   384 | D:1      | Reached XP level 2. HP: 17/27 MP: 2/2
   387 | D:1      | Reached skill level 1 in Armour
  1220 | D:1      | Found Ebuint's Armour Shoppe.
  1240 | D:1      | Found a faded altar of an unknown god.
  1433 | D:1      | Reached XP level 3. HP: 27/33 MP: 3/3
  2114 | D:2      | Reached skill level 5 in Axes
  2114 | D:2      | Reached XP level 4. HP: 17/41 MP: 4/4
  2485 | D:2      | You fall into a shaft and drop 1 floor!
  2669 | D:2      | Reached skill level 5 in Fighting
  2669 | D:2      | Found an iron altar of Okawaru.
  2719 | D:2      | Reached XP level 5. HP: 48/48 MP: 5/5
  3056 | D:2      | Noticed Robin
  3059 | D:2      | Noticed Terence
  3063 | D:2      | Killed Robin
  3068 | D:2      | Killed Terence
  3629 | D:3      | Reached XP level 6. HP: 41/56 MP: 6/6
  3639 | D:3      | Reached skill level 5 in Armour
  4336 | D:4      | Reached skill level 6 in Axes
  4700 | D:4      | Reached skill level 7 in Axes
  4700 | D:4      | Reached XP level 7. HP: 61/61 MP: 7/7
  5150 | D:5      | Entered Level 5 of the Dungeon
  5603 | D:5      | Found the +7 Singing Sword {vorpal, sonic wave}
  5735 | D:5      | Reached XP level 8. HP: 66/68 MP: 8/8
  5817 | D:5      | Found a sparkling altar of Nemelex Xobeh.
  5917 | D:5      | Found a stormy altar of Qazlal.
  5932 | D:5      | Reached skill level 5 in Evocations
  5947 | D:5      | Found an ancient bone altar of Kikubaaqudgha.
  5962 | D:5      | Found a snail-covered altar of Cheibriados.
  5967 | D:5      | Found a bloodstained altar of Trog.
  5968 | D:5      | Found a hazy altar of Hepliaklqana.
  5968 | D:5      | Found a shadowy altar of Dithmenos.
  5969 | D:5      | Found an iron altar of Okawaru.
  5971 | D:5      | Found a shimmering altar of Xom.
  5972 | D:5      | Found a broken altar of Ashenzari.
  6001 | D:5      | Became a worshipper of Hepliaklqana the Forgotten
  6001 | D:5      | Reached * piety under Hepliaklqana
  6001 | D:5      | Reached ** piety under Hepliaklqana
  6002 | D:5      | Remembered your ancestor Abram as a hexer
  6129 | D:6      | Found a radiant altar of Vehumet.
  6219 | D:6      | Reached skill level 1 in Invocations
  6249 | D:6      | Noticed Menkaure
  6256 | D:6      | Killed Menkaure
  6388 | D:6      | Mangled by an orc warrior

Illustrated notes

Levels and vault maps discovered:
D:1:      dpeg_arrival_morbid_curiosity, layout_basic, basic_ecumenical_altar,
          serial_shops, shop, minivault_26, minmay_statues_item
D:2:      kb_forest_paths, layout_loops_corners, basic_altar, uniq_terence,
          uniq_robin
D:3:      layout_basic
D:4:      layout_basic
D:5:      old_forge, layout_cave_pools, nicolae_qazlal_scattered_showers,
          mainiacjoe_overflow_small_starburst, minitemple, serial_park,
          serial_park_tiny_1, serial_park_square1 [serial_park_minivault_5x5_8]
D:6:      nicolae_cairo_tiling_very_big, layout_basic, fiery_altar_vehumet,
          minmay_temple_entry_glassed_door, hangedman_abyss_or_decor_slice,
          uniq_menkaure

Skill      XL: |  1  2  3  4  5  6  7  8 |
---------------+-------------------------+-----
Armour         | 1 2 4 5 |  5.0
Fighting       | 4 5 6 |  6.6
Axes           | 5 7 |  7.0
Dodging        | 3 |  3.0
Evocations     | 4 5 |  5.0
Invocations    | 3 |  3.5
Stealth        | |  1.5

Action                   |  1- 3 |  4- 6 |  7- 9 || total
-------------------------+-------+-------+-------++-------
Melee: Hand axe          |    97 |    61 |       ||   158
       Punch             |     1 |     1 |     2 ||     4
       War axe           |       |    77 |   114 ||   191
Invok: Ancestor Life: He |       |       |     1 ||     1
       Ancestor Identity |       |       |     1 ||     1
  Use: Potion            |       |     1 |     1 ||     2
 Stab: Distracted        |       |       |     1 ||     1
Armor: Robe              |     6 |       |       ||     6
       Scale mail        |    35 |    26 |       ||    61
       Plate armour      |       |    44 |    81 ||   125
Dodge: Dodged            |    52 |    70 |    63 ||   185
